[Event "FIDE World School-ch G-15 2025"]
[Site "Vrnjacka Banja"]
[Date "2025.03.26"]
[Round "7.1"]
[White "Japparbekova, Malika"]
[Black "Zarkym, Ailin"]
[Result "0-1"]
[Annotator "NA RC"]
[ECO "C63"]
[WhiteElo "1878"]
[BlackElo "1763"]
[PlyCount "72"]
[EventDate "2025.03.19"]
[EventType "swiss"]
[EventCountry "SRB"]
[SourceTitle "playchess.com"]
[Source "ChessBase"]
[SourceQuality "1"]
[TimeControl "5400+30"]

1. e4 e5 2. Nf3 Nc6 3. Bb5 f5 4. d3 fxe4 5. dxe4 Nf6 6. Qd3 Bb4+ 7. c3 Bd6 8. Bg5 O-O 9. Nbd2 a6 10. Ba4 b5 11. Bb3+ Kh8 12. h4 Qe8 13. Bxf6 Rxf6 14. g4 Na5 15. Bc2 Nc4 16. O-O-O Nxd2 17. Rxd2 Qf7 18. Bb3 Qf8 19. Rh3 Bb7 20. Re2 a5 21. g5 Rf4 22. g6 Qf6 23. Rg3 a4 24. Bf7 h6 25. a3 Rf8 26. Kd1 Bc6 27. Ke1 Bc5 28. Kf1 d6 29. Kg2 Bd7 30. Re1 Bg4 31. Rh1 d5 32. Qxd5 Bxf3+ 33. Rxf3 Rg4+ 34. Kf1 Qxf3 35. Rh2 Be7 36. Qxb5 Qd1# 0-1

[Event "FIDE World School-ch G-15 2025"]
[Site "Vrnjacka Banja"]
[Date "2025.03.26"]
[Round "7.2"]
[White "Imomkuzieva, Nilufarkhon"]
[Black "Ferrer Naranjo, Liennys"]
[Result "1-0"]
[Annotator "NA RC"]
[ECO "B18"]
[WhiteElo "1983"]
[BlackElo "1950"]
[PlyCount "109"]
[EventDate "2025.03.19"]
[EventType "swiss"]
[EventCountry "SRB"]
[SourceTitle "playchess.com"]
[Source "ChessBase"]
[SourceQuality "1"]
[TimeControl "5400+30"]

1. e4 c6 2. d4 d5 3. Nc3 dxe4 4. Nxe4 Bf5 5. Ng3 Bg6 6. h4 h6 7. Bf4 Qa5+ 8. c3 Nf6 9. Bc4 b5 10. Bd3 Bxd3 11. Qxd3 e6 12. Nf3 Be7 13. O-O Nbd7 14. Ne5 Nxe5 15. Bxe5 O-O 16. Ne4 Nd7 17. Qg3 Nxe5 18. dxe5 Kh8 19. h5 Rad8 20. Qe3 Qb6 21. Qxb6 axb6 22. Rfd1 Rd5 23. Rxd5 exd5 24. Ng3 Re8 25. Nf5 Bf8 26. f4 Kh7 27. Kf1 b4 28. Nd4 Rc8 29. Ke2 Bc5 30. Kd3 bxc3 31. Kxc3 g6 32. hxg6+ Kxg6 33. Ne2 Kf5 34. Rh1 Rg8 35. Kd3 Rg6 36. a3 f6 37. b4 Bf2 38. Rh5+ Kg4 39. f5 Rg8 40. Rxh6 Ra8 41. Rg6+ Kh4 42. g3+ Kh3 43. Nf4+ Kh2 44. exf6 Bxg3 45. Rh6+ Kg1 46. Ne2+ Kf2 47. Nxg3 Kxg3 48. f7 Rf8 49. Rxc6 Rxf7 50. Rxb6 Rxf5 51. Kd4 Rf3 52. a4 Ra3 53. a5 Kf4 54. a6 Kf5 55. b5 1-0

[Event "FIDE World School-ch G-15 2025"]
[Site "Vrnjacka Banja"]
[Date "2025.03.26"]
[Round "7.3"]
[White "Assylkhan, Asiya"]
[Black "Aldea, Maria-Antonia"]
[Result "0-1"]
[Annotator "TA"]
[ECO "D70"]
[WhiteElo "1969"]
[BlackElo "1954"]
[PlyCount "126"]
[EventDate "2025.03.19"]
[EventType "swiss"]
[EventCountry "SRB"]
[SourceTitle "playchess.com"]
[Source "ChessBase"]
[SourceQuality "1"]
[TimeControl "5400+30"]

1. d4 Nf6 2. c4 c6 3. Nf3 d5 4. e3 g6 5. b3 Bg7 6. Bb2 {[%emt 0:00:07] D70: Grünfeld: Unusual White 3rd moves (met by ...d5).} O-O 7. Bd3 Bg4 8. h3 {[%emt 0:00:31] The position is equal.} Bxf3 9. Qxf3 {[%emt 0:00:13] [#]} e5 $146 (9... Nbd7 10. Nd2 Re8 11. cxd5 cxd5 12. Qe2 Rc8 13. O-O a6 14. Rac1 Qa5 15. a3 e6 {1-0 Ret,A (2023)-Rakhmangulova,I (1904) Pardubice rapid op 33rd 2022 (4)}) 10. dxe5 Nfd7 11. O-O (11. cxd5 $2 Nxe5 12. Bxe5 Bxe5 $19) 11... dxc4 12. Bxc4 {[%emt 0:03:40] aiming for Qg3.} b5 13. Bxb5 (13. Na3 $17 bxc4 14. Nxc4) 13... Nxe5 $19 14. Bxe5 Bxe5 15. Na3 (15. Bxc6 $2 Nxc6 16. Na3 Bxa1 17. Rxa1 Qe7 $19) (15. Rd1 Qf6 (15... Qa5 $2 16. Nc3 $19)) 15... Bxa1 16. Rxa1 {[%emt 0:00:07] [#]} Qa5 (16... Qd2 $1 $19 {[%cal Rd2b2] and Black stays clearly on top. and ...Qb2 would now be decisive} 17. Bc4 Qb2) 17. Ba4 $17 Qd5 18. Qe2 Rd8 19. Nc4 Na6 20. e4 Qd4 21. Rc1 (21. Rf1 $15) 21... Nb4 22. a3 Nd3 23. Rc2 Nf4 {[%emt 0:09:18] Black has more active pieces.} 24. Qf3 Qd1+ 25. Qxd1 Rxd1+ {[%emt 0:00:03] Black attacks} 26. Kh2 Rc8 27. Na5 Ra1 28. Nxc6 Rc7 {[%emt 0:00:18] Against Ne7+} (28... Rxa3 $2 {too greedy.} 29. Ne7+ Kg7 30. Nxc8 $18 (30. Rxc8 Nd3 $18)) 29. Rd2 Rxa3 30. Ne5 (30. Nd4 $17 {might work better.} Ra1 31. g3) 30... Ne6 31. f3 Ra1 32. Ng4 Kg7 33. Kg3 (33. Ne5 $142) 33... Rac1 34. Ne3 Nc5 35. Bb5 $2 (35. Ra2) 35... Nxb3 $19 36. Ra2 Ra1 37. Rb2 Nd4 38. Be8 a5 39. Nd5 Ra7 40. Nc3 Ra3 41. Nd5 Ra8 42. Bd7 Ra7 43. Be8 Ne6 44. Bc6 Nc5 45. e5 a4 46. Nf6 Rb3 47. Rd2 Ne6 {[%emt 0:01:05] Against Rd8} 48. Bd5 Rb6 49. Rc2 Rb8 {[%emt 0:01:01] Dodges Rc8} 50. f4 a3 51. h4 Rc7 52. Rd2 Rc3+ 53. Bf3 Rb2 54. Rd7 a2 55. Ra7 Rc1 56. Ne8+ Kf8 57. Nd6 a1=Q (57... a1=B 58. Rxf7+ Kg8 59. Bd5 Rc3+ 60. Kh2 Nxf4 61. Rxf4+ Kg7 62. Rf7+ Kh6 63. Ra7 $14 (63. e6 Re2 $11)) 58. Rxf7+ Kg8 59. Bd5 Qa3+ 60. Kh2 Qxd6 61. exd6 Kxf7 62. d7 Rb8 63. g4 Ke7 {[%emt 0:00:07] Weighted Error Value: White=0.52/Black=0.17 (very precise)   Mistake:       	White=5     	Black=1      Inaccurate:     	White=8     	Black=2      OK:         	White=8     	Black=20     Best:        	White=2     	Black=2} 0-1

[Event "FIDE World School-ch G-15 2025"]
[Site "Vrnjacka Banja"]
[Date "2025.03.26"]
[Round "7.4"]
[White "Aadya Gupta"]
[Black "Preobrazhenskaya, Diana"]
[Result "1/2-1/2"]
[Annotator "NA RC"]
[ECO "E12"]
[WhiteElo "1928"]
[BlackElo "2032"]
[PlyCount "88"]
[EventDate "2025.03.19"]
[EventType "swiss"]
[EventCountry "SRB"]
[SourceTitle "playchess.com"]
[Source "ChessBase"]
[SourceQuality "1"]
[TimeControl "5400+30"]

1. d4 Nf6 2. c4 e6 3. Nf3 b6 4. a3 Bb7 5. Nc3 d5 6. cxd5 exd5 7. Bf4 Bd6 8. Bxd6 Qxd6 9. Qa4+ c6 10. e3 Nbd7 11. Bd3 O-O 12. O-O Rfe8 13. Qc2 c5 14. Bf5 cxd4 15. Nxd4 Nc5 16. b4 Nce4 17. Rac1 g6 18. Bxe4 Ng4 19. g3 dxe4 20. Ncb5 Qe5 21. Qc7 Qh5 22. h4 Bd5 23. Nd6 Rf8 24. Qe7 Ne5 25. Qf6 Ng4 26. Qg5 Qxg5 27. hxg5 Rad8 28. N6b5 a6 29. Nc7 Bb7 30. b5 a5 31. Rfd1 Ne5 32. Nc6 Rxd1+ 33. Rxd1 Bxc6 34. bxc6 Nxc6 35. Rd6 Ne5 36. Rxb6 Nf3+ 37. Kg2 Nxg5 38. Rb5 f5 39. Rxa5 Kg7 40. a4 Rd8 41. Rd5 Rb8 42. Rb5 Rd8 43. Rd5 Rb8 44. Rb5 Rd8 1/2-1/2

[Event "FIDE World School-ch G-15 2025"]
[Site "Vrnjacka Banja"]
[Date "2025.03.26"]
[Round "7.5"]
[White "Ashotia, Barbare"]
[Black "Torres Ccahuay, Dayana Nievevska"]
[Result "1-0"]
[Annotator "NA RC"]
[ECO "B12"]
[WhiteElo "1895"]
[BlackElo "1840"]
[PlyCount "73"]
[EventDate "2025.03.19"]
[EventType "swiss"]
[EventCountry "SRB"]
[SourceTitle "playchess.com"]
[Source "ChessBase"]
[SourceQuality "1"]
[TimeControl "5400+30"]

1. e4 c6 2. d4 Na6 3. Nc3 Nc7 4. Bf4 d6 5. Nf3 Bg4 6. Bc4 e6 7. Qe2 Ne7 8. O-O-O g6 9. Qd2 d5 10. Be5 Rg8 11. Bxc7 Qxc7 12. exd5 exd5 13. Be2 O-O-O 14. Ne5 Be6 15. g4 Bg7 16. f4 Kb8 17. Na4 f6 18. Nc5 Bc8 19. Ned3 f5 20. Ne5 Bxe5 21. fxe5 fxg4 22. Qb4 Ka8 23. Rd3 b6 24. Na4 h5 25. Ra3 Kb8 26. Nc5 Rde8 27. Rd1 Bb7 28. Nxb7 Kxb7 29. Rdd3 Ref8 30. Ra4 Ra8 31. Rda3 Rgf8 32. Ba6+ Kb8 33. Qe1 Nf5 34. Rc3 Qd7 35. b4 c5 36. e6 Qxa4 37. Qe5+ 1-0

[Event "FIDE World School-ch G-15 2025"]
[Site "Vrnjacka Banja"]
[Date "2025.03.26"]
[Round "7.6"]
[White "Margad, Munkhpurev"]
[Black "Mihailovic, Selena"]
[Result "1-0"]
[Annotator "NA RC"]
[ECO "C95"]
[WhiteElo "1925"]
[BlackElo "1836"]
[PlyCount "99"]
[EventDate "2025.03.19"]
[EventType "swiss"]
[EventCountry "SRB"]
[SourceTitle "playchess.com"]
[Source "ChessBase"]
[SourceQuality "1"]
[TimeControl "5400+30"]

1. e4 e5 2. Nf3 Nc6 3. Bb5 a6 4. Ba4 Nf6 5. O-O Be7 6. Re1 b5 7. Bb3 d6 8. c3 O-O 9. h3 Nb8 10. d4 Nbd7 11. a4 Rb8 12. Bc2 c5 13. Nbd2 Re8 14. Nf1 Bf8 15. Ng3 g6 16. axb5 axb5 17. Bg5 Bg7 18. Qd2 Qb6 19. d5 c4 20. Qe2 Nc5 21. Nh4 Qc7 22. Qf3 Ncd7 23. Nf1 Bb7 24. g4 Ra8 25. Rad1 Reb8 26. Ng3 h6 27. Bc1 Nh7 28. Qg2 Qd8 29. Nhf5 gxf5 30. Nxf5 Ng5 31. h4 f6 32. hxg5 hxg5 33. Nxd6 Nf8 34. Nf5 Ng6 35. Qh3 Qf8 36. d6 Bc6 37. Kg2 Kf7 38. Rh1 Bd7 39. Qf3 Bxf5 40. exf5 Nh4+ 41. Rxh4 gxh4 42. Qd5+ Ke8 43. Qe6+ Kd8 44. d7 Qe7 45. Qc6 Ra7 46. Be3 Rxd7 47. Bb6+ Rxb6 48. Qxb6+ Ke8 49. Qxb5 Bh6 50. Ba4 1-0